 Dungeon Crawl Stone Soup version 0.19-a0-958-gd69d43c (webtiles) character file.

58 Eptagon the Ruffian (level 3, 36/36 HPs)
             Began as a Troll Monk on July 11, 2016.
             Was a Believer of Yredelemnul.
             Quit the game on level 2 of the Dungeon.
             The game lasted 00:01:49 (863 turns).

Eptagon the Ruffian (Troll Monk)                     Turns: 863, Time: 00:01:50

Health: 36/36      AC:  5    Str: 20    XL:     3   Next: 76%
Magic:  2/2        EV: 11    Int:  6    God:    Yredelemnul [**....]
Gold:   70         SH:  0    Dex: 12    Spells: 0 memorised, 2 levels left

rFire  . . .     SeeInvis .       - Unarmed
rCold  . . .     Gourm    +     a - +0 robe
rNeg   . . .     Faith    .     (no shield)
rPois  .         Spirit   .     (helmet restricted)
rElec  .         Dismiss  .     (no cloak)
rCorr  .         Reflect  .     (gloves unavailable)
SustAt .         Harm     .     (boots unavailable)
MR     .....                    (no amulet)
Stlth  +.........               (no ring)
                                (no ring)

@: not resistant to hostile enchantments, very unstealthy
A: unfitting armour, claws 3, fast metabolism 3, gourmand, regeneration 2,
shaggy fur 1, tough skin 2
a: Animate Remains, Recall Undead Slaves, Injury Mirror, Renounce Religion


You were on level 2 of the Dungeon.
You worshipped Yredelemnul.
Yredelemnul was pleased with you.
You were completely stuffed.

You visited 1 branch of the dungeon, and saw 2 of its levels.

You collected 70 gold pieces.

Inventory:

Armour
 a - a +0 robe (worn)
Wands
 m - a wand of disintegration (14/24)
Scrolls
 c - a scroll of identify {unknown}
 d - 4 scrolls of remove curse {unknown}
 e - 2 scrolls of noise {unknown}
 j - a scroll of teleportation {unknown}
 k - 3 scrolls of fear {unknown}
Potions
 h - a potion of agility {unknown}
 l - 2 potions of brilliance {unknown}
 n - 2 potions of degeneration {unknown}
 o - a potion of haste
Comestibles
 b - 3 bread rations
 f - 2 meat rations
 g - a beef jerky
 i - a slice of pizza


   Skills:
 + Level 2.8 Fighting
 + Level 3.0 Dodging
 - Level 1.1 Stealth
 + Level 3.8 Unarmed Combat


You had 2 spell levels left.
You didn't know any spells.

Dungeon Overview and Level Annotations

Branches:
Dungeon (2/15)

Altars:
Pakellas
Yredelemnul


Innate Abilities, Weirdness & Mutations

You are too large for most types of armour.
You have claws for hands.
Your metabolism is lightning-fast.
You like to eat raw meat.
You heal very quickly.
You are covered in fur. (AC +1)
You have very tough skin. (AC +2)


Message History

You closely miss the kobold. The kobold hits you with a short sword.
You claw the kobold!
You kill the kobold!
No target in view!
Eating a chunk of flesh.
You start eating the chunk of flesh.
You continue eating. x2
You finish eating.
This raw flesh tastes great.
There is an oddly glowing altar of Pakellas here.
HP restored.
You see here a stone.
Things that are here:
a stone; a leather armour
Found a faded altar of an unknown god.
There is a faded altar of an unknown god here.
You cannot tell which god this altar belongs to.
Convert to them anyway?
Yredelemnul accepts your prayer! Yredelemnul welcomes you!
You can now animate remains.
You can now recall your undead slaves.
You can now mirror injuries on your foes.
Are you sure you want to abandon this character and quit the game? (Confirm with "yes".)

#....#
#....#
##...#
##.##
#.#
####.##
#.....#
#..#..#
#.#@#..#
#..#...#
#.. ...#
###
.....
######


There were no monsters in sight!

Vanquished Creatures
  Ijyb (D:2)
  An adder (D:2)
  An ooze (D:2)
  5 goblins
  A hobgoblin (D:1)
  2 jackals (D:1)
  3 bats
  A giant newt (D:1)
  2 kobolds (D:2)
  4 rats
21 creatures vanquished.

Notes
Turn   | Place    | Note
-------+----------+-------------------------------------------
     0 | D:1      | Eptagon the Troll Monk began the quest for the Orb.
     0 | D:1      | Reached XP level 1. HP: 22/22 MP: 0/0
   311 | D:1      | Reached XP level 2. HP: 23/29 MP: 1/1
   800 | D:2      | Found an oddly glowing altar of Pakellas.
   804 | D:2      | Reached XP level 3. HP: 31/36 MP: 2/2
   805 | D:2      | Noticed Ijyb
   815 | D:2      | Killed Ijyb
   857 | D:2      | Found a faded altar of an unknown god.
   863 | D:2      | Became a worshipper of Yredelemnul the Dark
   863 | D:2      | Reached * piety under Yredelemnul
   863 | D:2      | Reached ** piety under Yredelemnul
   863 | D:2      | Quit the game

Vault maps used:
D:1:      onia_arrival_pentagram, minivault_25, nrook_mini_vaults
D:2:      overflow_temple_1_default, nicolae_overflow_crystal_walls,
          ecumenical_altar_1, kennysheep_crisscross, hangedman_decor_lopped,
          uniq_iyjb

Skill      XL: |  1  2  3 |
---------------+----------+-----
Dodging        | 3 |  3.0
Fighting       | |  2.8
Stealth        | |  1.1
Unarmed Combat | |  3.8

Action                   || total
-------------------------++-------
Melee: Unarmed           ||    50
       Punch             ||     1
 Stab: Sleeping          ||     1
  Eat: Chunk             ||    13
Armor: Robe              ||    21
Dodge: Dodged            ||    28
